 Dungeon Crawl Stone Soup version 0.23-b1-13-gf37ab262a9 (webtiles) character file.

Game seed: 17771868156912388564

134 Leibowitz the Slasher (level 4, 0/34 HPs)
             Began as a Demonspawn Gladiator on Feb 3, 2019.
             Slain by Oravi's ghost (8 damage)
             ... on level 3 of the Dungeon.
             The game lasted 00:04:44 (2547 turns).

Leibowitz the Slasher (Demonspawn Gladiator)        Turns: 2547, Time: 00:04:45

Health: 0/34       AC:  4    Str: 15    XL:     4   Next: 95%
Magic:  4/4        EV: 13    Int:  9    God:
Gold:   118        SH:  4    Dex: 15    Spells: 3/3 levels left

rFire    . . .     SeeInvis .   a - +0 long sword
rCold    . . .     Gourm    .   (no shield)
rNeg     . . .     Faith    .   b - +0 leather armour
rPois    .         Spirit   .   c - +0 helmet
rElec    .         Reflect  .   (no cloak)
rCorr    .         Harm     .   (no gloves)
MR       .....                  (no boots)
Stlth    ++........             (no amulet)
HPRegen  0.11/turn              (no ring)
MPRegen  0.09/turn              (no ring)

@: no status effects
A: large bone plates 1
a: no special abilities


You were on level 3 of the Dungeon.
You were not hungry.

You visited 1 branch of the dungeon, and saw 3 of its levels.

You collected 118 gold pieces.

Inventory:

Hand Weapons
 a - a +0 long sword (weapon)
Missiles
 d - 3 throwing nets (quivered)
 n - 5 curare-tipped needles
Armour
 b - a +0 leather armour (worn)
 c - a +0 helmet (worn)
Scrolls
 i - a scroll of remove curse {unknown}
 j - a scroll of identify {unknown}
 k - 2 scrolls of blinking {unknown}
 m - 2 scrolls of teleportation {unknown}
 o - a scroll of fear {unknown}
Potions
 e - a potion of magic {unknown}
 g - a potion of might {unknown}
 h - a potion of resistance
 l - a potion of brilliance {unknown}
Comestibles
 f - 2 rations


   Skills:
 + Level 2.5 Fighting
 + Level 3.9 Long Blades
 + Level 1.9 Throwing
 + Level 1.5 Armour
 + Level 3.2 Dodging
 + Level 1.0 Stealth


You had 3 spell levels left.
You didn't know any spells.
Your spell library was empty.

Dungeon Overview and Level Annotations

Branches:
Dungeon (3/15)

Altars:
Ashenzari

Annotations:
D:3 Oravi's ghost, novice NaWr


Innate Abilities, Weirdness & Mutations

You are partially covered in large bone plates. (SH +4)


Message History

You hit Oravi's ghost but do no damage.
Oravi's ghost is moderately damaged.
You hit Oravi's ghost but do no damage.
Oravi's ghost is moderately damaged.
You block Oravi's ghost's attack.
You hit Oravi's ghost but do no damage.
Oravi's ghost is moderately damaged.
Oravi's ghost hits you.
* * * LOW HITPOINT WARNING * * *
Oravi's ghost hits you but does no damage.
You hit Oravi's ghost.
Oravi's ghost is moderately damaged.
Oravi's ghost hits you but does no damage.
You hit Oravi's ghost but do no damage.
Oravi's ghost is moderately damaged.
You block Oravi's ghost's attack.
You hit Oravi's ghost.
Oravi's ghost is moderately damaged.
Oravi's ghost hits you!
You die...

### #.. ###.# #....
#$#.# ####.#.#
#P.#.#.# #8(W@.)# #.
#P.#...# #.#######.#
#.# ##.##
#.######...#...
#.#.............
######.#.####...###..
.....#.#.# ##.##
#.....# #.#


You could see Oravi's ghost.

Vanquished Creatures
  Jessica (D:3)
  An adder (D:2)
  2 oozes (D:2)
  A worm (D:2)
  12 bats
  15 giant cockroaches (D:2)
  7 goblins
  10 hobgoblins
  7 jackals (D:2)
  9 kobolds
  2 quokkas
  2 frilled lizards (D:1)
  5 rats
74 creatures vanquished.

Notes
Turn   | Place    | Note
-------+----------+-------------------------------------------
     0 | D:1      | Leibowitz the Demonspawn Gladiator began the quest for the
                  | Orb.
     0 | D:1      | Reached XP level 1. HP: 16/16 MP: 1/1
   324 | D:1      | Gained mutation: You are partially covered in large bone
                  | plates. (SH +4) [demonic ancestry]
   324 | D:1      | Reached XP level 2. HP: 14/22 MP: 2/2
  1120 | D:1      | Reached XP level 3. HP: 24/27 MP: 3/3
  1367 | D:2      | Found a shattered altar of Ashenzari.
  1531 | D:2      | Reached skill level 1 in Armour
  1609 | D:2      | Reached XP level 4. HP: 15/34 MP: 4/4
  2467 | D:3      | Noticed Jessica
  2482 | D:3      | Killed Jessica
  2482 | D:3      | Reached skill level 1 in Stealth
  2513 | D:3      | Found a runed translucent door.
  2513 | D:3      | Noticed Oravi's ghost (novice NaWr)
  2547 | D:3      | Slain by Oravi's ghost

Skill      XL: |  1  2  3  4 |
---------------+-------------+-----
Long Blades    | 3 |  3.9
Dodging        | 3 |  3.2
Armour         | 1 |  1.5
Stealth        | 1 |  1.0
Fighting       | |  2.5
Throwing       | |  1.9

Action                   |  1- 3 |  4- 6 || total
-------------------------+-------+-------++-------
Melee: Long sword        |   150 |    78 ||   228
  Use: Potion            |       |     1 ||     1
 Stab: Sleeping          |     4 |     2 ||     6
  Eat: Chunk             |     2 |     1 ||     3
       Ration            |       |     1 ||     1
Armor: Leather armour    |    51 |    23 ||    74
Dodge: Dodged            |   130 |    60 ||   190
Block: Other             |    31 |    19 ||    50
       Rpst.: Long sword |    46 |    23 ||    69
